 Dungeon Crawl Stone Soup version 0.28-a0-1190-g77e1c55843 (webtiles) character file.

Game seed: 15316913975769808238

819 fragbeetle the Changer (level 7, -4/52 HPs)
             Began as a Merfolk Transmuter on Dec 19, 2021.
             Was an Initiate of Gozag.
             Slain by a centaur (5 damage)
             ... in a bailey.
             The game lasted 00:17:16 (7566 turns).

fragbeetle the Changer (Merfolk Transmuter)         Turns: 7566, Time: 00:17:18

Health: -4/52      AC:  2    Str: 12    XL:     7   Next: 95%
Magic:  14/19      EV: 14    Int: 13    God:    Gozag
Gold:   198        SH:  0    Dex: 14    Spells: 2/10 levels left

rFire   . . .      SeeInvis +     - Unarmed
rCold   . . .      Faith    .   (no shield)
rNeg    . . .      Spirit   .   a - +0 robe
rPois   .          Reflect  .   (helmet currently unavailable)
rElec   .          Harm     .   (no cloak)
rCorr   .          Rampage  .   (no gloves)
Will    .....                   (boots currently unavailable)
Stlth   +.........              (no amulet)
HPRegen 0.17/turn               t - ring of see invisible
MPRegen 0.16/turn               s - ring of magical power

@: appendages, very slightly contaminated
A: horns 2, (nimble swimmer 2), mertail
a: End Transformation, Renounce Religion, Potion Petition, Call Merchant, Bribe
Branch


You were in a bailey.
You worshipped Gozag.
Gozag was aware of your devotion.
You had temporarily grown beastly horns.
You visited 2 branches of the dungeon, and saw 8 of its levels.
You also visited: Bailey.

You collected 313 gold pieces.
You spent 36 gold pieces at shops.
You paid 79 gold pieces to Gozag.

Inventory:

Hand Weapons
 v - a +0 hunting sling
Missiles
 e - 33 sling bullets
 g - 28 stones
 z - 4 curare-tipped darts
Armour
 a - a +0 robe (worn)
 q - a +0 leather armour
 w - a +0 helmet (melded)
Jewellery
 s - a ring of magical power (right hand)
 t - a ring of see invisible (left hand)
 y - a ring of willpower
Scrolls
 c - 4 scrolls of teleportation
 f - 2 scrolls of noise
 j - 2 scrolls of fog
 l - a scroll of enchant armour {unknown}
 o - a scroll of holy word {unknown}
 p - 2 scrolls of amnesia
 x - a scroll of identify
Potions
 b - a potion of curing
 d - 2 potions of resistance
 h - a potion of lignification
 i - 3 potions of mutation
 k - a potion of flight {unknown}
 m - a potion of degeneration {unknown}
 n - a potion of heal wounds {unknown}
 r - 2 potions of haste
 u - 2 potions of cancellation


   Skills:
 + Level 3.0 Fighting
 - Level 5.0 Dodging
 + Level 5.6 Unarmed Combat
 - Level 2.0 Spellcasting
 + Level 5.9 Transmutations
 + Level 2.6 Ice Magic
 + Level 3.8 Poison Magic


You had 2 spell levels left.
You knew the following spells:

 Your Spells              Type           Power      Damage    Failure   Level
a - Beastly Appendage     Tmut           32%        N/A       2%          1
b - Spider Form           Tmut/Pois      14%        N/A       10%         3
c - Ice Form              Ice/Tmut       12%        N/A       41%         4

Your spell library contained the following spells:

 Spells                   Type           Power      Damage    Failure   Level
 Wereblood                Tmut           16%        N/A       3%          2
 Blade Hands              Tmut           8%         N/A       52%         5
 Stone Arrow              Conj/Erth      2%         3d7       58%         3
 Animate Armour           Summ/Erth      2%         N/A       94%         4
 Iron Shot                Conj/Erth      0%         9d1       100%        6
 Lehudib's Crystal Spear  Conj/Erth      0%         10d2      100%        8


Dungeon Overview and Level Annotations

Branches:
Dungeon (7/15)             Temple (1/1) D:6          Bailey (1/1)

Altars:
Ashenzari
Cheibriados
Elyvilon
Fedhas
Gozag
Hepliaklqana
Kikubaaqudgha
Makhleb
Nemelex Xobeh
Qazlal
Ru
Sif Muna
Vehumet
Wu Jian
Xom
Zin
The Shining One

Shops:
D:1 ?   D:3 (


Innate Abilities, Weirdness & Mutations

You have temporarily grown beastly horns.
((You are quick and stealthy near water. (Stealth+, EV+, Speed+++)))
Your lower body shifts to a powerful aquatic tail in water.


Message History

Your +0 helmet unmelds from your body.
Your +0 robe unmelds from your body.
You grow a pair of large bovine horns.
Your +0 helmet melds into your body.
The centaur barely misses you.
Your legs become a tail as you enter the water.
The centaur hits you with a +0 trident. The centaur barely misses you.
You hit the centaur. Your headbutt misses the centaur.
You tail-slap the centaur, but do no damage.
The centaur is lightly wounded.
The centaur hits you with a +0 trident!
The centaur kicks you but does no damage.
You barely miss the centaur. You punch the centaur.
The centaur is lightly wounded.
The centaur misses you.
The centaur kicks you but does no damage.
The centaur barely misses you. x2
You hit the centaur but do no damage.
The centaur is lightly wounded.
The centaur hits you with a +0 trident! The centaur closely misses you.
The orc closely misses you.
The centaur hits you from afar with a +0 trident.
The centaur misses you.
Casting: Beastly Appendage (safe; 2% risk of failure)
Confirm with . or Enter, or press ? or * to list all spells.
You miscast Spider Form.
You are very lightly contaminated with residual magic.
You feel odd.
You are poisoned.
* * * LOW HITPOINT WARNING * * *
You feel sick.
The centaur hits you from afar with a +0 trident!
* * * LOW HITPOINT WARNING * * *
The orc misses you.
You feel better.
The centaur hits you from afar with a +0 trident.
* * * LOW HITPOINT WARNING * * *
The orc hits you from afar with a +0 spear.
* * * LOW HITPOINT WARNING * * *
The centaur hits you from afar with a +0 trident.
You die...
Your body crumbles into a pile of gold.

.≈≈≈.......≈≈..≈##
≈≈..≈≈≈≈≈≈≈....≈≈##
≈o≈≈≈.....≈≈≈...≈≈##
.≈≈..≈≈≈≈≈..≈≈..⌠≈≈#
o≈.≈≈≈...≈≈≈.≈≈.$≈≈#
≈≈o≈..⌠.⌠..≈≈.≈..$≈#
...≈..∩∩∩.....≈co$≈#
≈≈c≈..⌠.⌠..≈≈.≈..$≈#
.≈.≈≈≈...≈≈≈.≈≈@$≈≈#
o≈≈..≈≈≈≈≈..≈≈..⌠≈≈#
≈.≈≈≈.....≈≈≈...≈≈##
≈≈..≈≈≈≈≈≈≈....≈≈##
.≈≈≈.......≈≈..≈##
..o≈≈≈≈≈≈≈≈≈...≈#
........≈# ####+####


You could see a centaur and an orc.

Vanquished Creatures
  A sky beast (D:5)
  An ogre (D:6)
  A phantom (D:6)
  A water moccasin skeleton (D:5)
  2 centaur zombies
  A jelly (D:4)
  2 hounds (D:4)
  A bullfrog skeleton (D:5)
  Jessica (D:3)
  Natasha (thrice) (D:3)
  4 gnolls (D:6)
  9 adders
  A white imp (D:5)
  An ufetubus (D:4)
  A worm (D:2)
  An adder skeleton (D:4)
  2 dart slugs
  2 orcs (D:7)
  8 ball pythons
  6 bats
  7 endoplasms
  4 giant cockroaches
  8 goblins
  6 hobgoblins
  9 jackals
  6 kobolds
  4 quokkas
  3 frilled lizards
  6 rats
102 creatures vanquished.

Notes
Turn   | Place    | Note
-------+----------+-------------------------------------------
     0 | D:1      | fragbeetle the Merfolk Transmuter began the quest for the
                  | Orb.
     0 | D:1      | Reached XP level 1. HP: 15/15 MP: 3/3
    91 | D:1      | Reached XP level 2. HP: 21/21 MP: 3/5
   283 | D:1      | Found Coab's Magic Scroll Emporium.
   569 | D:1      | Reached XP level 3. HP: 26/26 MP: 4/6
   573 | D:1      | Learned a level 3 spell: Spider Form
   675 | D:1      | Found a faded altar of an unknown god.
  1033 | D:1      | Bought a scroll of identify for 24 gold pieces
  1033 | D:1      | Bought a scroll of noise for 12 gold pieces
  1445 | D:2      | Reached XP level 4. HP: 29/32 MP: 5/7
  1453 | D:2      | Reached skill level 1 in Poison Magic
  2478 | D:3      | Noticed Jessica
  2756 | D:3      | Killed Jessica
  2757 | D:3      | Reached XP level 5. HP: 9/37 MP: 6/8
  3179 | D:3      | Noticed Natasha
  3195 | D:3      | Killed Natasha
  3526 | D:3      | Noticed Natasha
  3546 | D:3      | Killed Natasha
  3563 | D:3      | Noticed Natasha
  3704 | D:3      | Killed Natasha
  3892 | D:3      | Found Muit's Weapon Shop.
  3974 | D:4      | Reached XP level 6. HP: 30/43 MP: 7/9
  3986 | D:4      | Learned a level 4 spell: Ice Form
  4494 | D:4      | Reached skill level 5 in Dodging
  5218 | D:5      | Entered Level 5 of the Dungeon
  5299 | D:5      | Reached skill level 5 in Transmutations
  5299 | D:5      | Reached skill level 1 in Ice Magic
  5306 | D:5      | Noticed a sky beast
  5321 | D:5      | Killed a sky beast
  5322 | D:5      | Reached skill level 5 in Unarmed Combat
  5322 | D:5      | Reached XP level 7. HP: 35/50 MP: 10/10
  5416 | D:5      | Found a broken altar of Ashenzari.
  6782 | D:6      | Found a staircase to the Ecumenical Temple.
  6790 | Temple   | Entered the Ecumenical Temple
  6798 | Temple   | Became a worshipper of Gozag Ym Sagoz the Greedy
  7512 | D:7      | Found a flagged portal.
  7552 | Bailey   | Entered a bailey
  7566 | Bailey   | HP: 1/52 [orc (5)]
  7566 | Bailey   | Slain by a centaur

Illustrated notes

Levels and vault maps discovered:
D:1:      scummos_arrival_simple_crosswalls, layout_basic,
          shapermc_ecumenical_altar_mp_vishouse, serial_shops, shop
D:2:      layout_basic
D:3:      minmay_spotlight, layout_loops_cross, serial_shops, shop,
          uniq_jessica, uniq_natasha
D:4:      minmay_inner_zag, layout_basic, ebering_ghost_sewer_f,
          nicolae_figureground_pulse
D:5:      layout_basic, mainiacjoe_overflow_concentric_impassable,
          minmay_door_square
D:6:      layout_loops_ring, minmay_temple_entry_crystal_x
D:7:      minmay_blocky_corners, layout_basic, nicolae_uskayaw_suspiria,
          enter_bailey_4, feat_on_display
Temple:   lightli_temple_of_artemis
Bailey:   bailey_polearm_flooded_kennysheep, bailey

Skill      XL: |  1  2  3  4  5  6  7 |
---------------+----------------------+-----
Transmutations | 3 4 5 |  5.9
Dodging        | 3 4 5 |  5.0
Unarmed Combat | 4 5 |  5.6
Poison Magic   | 1 2 3 |  3.8
Ice Magic      | 1 2 |  2.6
Fighting       | 2 3 |  3.0
Spellcasting   | |  2.0

Action                   |  1- 3 |  4- 6 |  7- 9 || total
-------------------------+-------+-------+-------++-------
Melee: Unarmed           |    85 |   174 |    96 ||   355
       Headbutt          |    15 |    26 |     4 ||    45
       Punch             |     1 |       |     2 ||     3
       Tailslap          |       |       |     1 ||     1
 Cast: Beastly Appendage |    28 |    29 |     7 ||    64
       Spider Form       |       |     2 |     7 ||     9
  Use: Scroll            |     2 |     3 |     4 ||     9
       Potion            |       |     3 |     1 ||     4
 Stab: Sleeping          |     1 |     2 |     1 ||     4
Armor: Robe              |    11 |    14 |     5 ||    30
       Leather armour    |       |     8 |       ||     8
       Skin              |       |       |     4 ||     4
Dodge: Dodged            |    59 |   106 |   112 ||   277

Table legend: (Time is in decaauts)
 A = Elapsed time spent in this place.
 B = Non-inter-level travel time spent in this place.
 C = Inter-level travel time spent in this place.
 D = Time resting spent in this place.
 E = Time spent auto-exploring this place.
 F = Levels seen in this place.
 G = Mean time per level.
                   A        B        C        D        E       F      G
               +--------+--------+--------+--------+--------+-----+--------+
         Total |   7540 |   7497 |     43 |   2025 |   3212 |   9 |  837.8 |
       Dungeon |   7415 |   7372 |     43 |   2025 |   3134 |   7 | 1059.3 |
        Temple |    111 |    111 |      0 |      0 |     78 |   1 |  111.0 |
        Bailey |     13 |     13 |      0 |      0 |      0 |   1 |   13.0 |
               +--------+--------+--------+--------+--------+-----+--------+

Top non-repeatable levels by time:
     D:3: 1647 daAuts
     D:4: 1289 daAuts
     D:5: 1262 daAuts
     D:2: 1201 daAuts
     D:1: 1065 daAuts
     D:6: 821 daAuts
     D:7: 127 daAuts
  Temple: 111 daAuts
  Bailey: 13 daAuts
